 Dungeon Crawl Stone Soup version 0.29.0-13-gc9e81de378 (webtiles) character file.

Game seed: 1632764990390582096

56 sanka the Chopper (level 3, 0/31 HPs)
             Began as a Minotaur Berserker on Sept 7, 2022.
             Was a Believer of Trog.
             Succumbed to an adder's poison
             ... on level 2 of the Dungeon.
             The game lasted 00:01:22 (1914 turns).

sanka the Chopper (Minotaur Berserker)              Turns: 1914, Time: 00:01:22

Health: 0/31       AC:  2    Str: 21    XL:     3   Next: 69%
Magic:  2/2        EV: 12    Int:  4    God:    Trog [**....]
Gold:   101        SH:  0    Dex: 11    Spells: 2/2 levels left

rFire   . . .      SeeInvis .   a - +0 hand axe
rCold   . . .      Faith    .   (no shield)
rNeg    . . .      Spirit   .   b - +0 animal skin
rPois   .          Reflect  .   (helmet restricted)
rElec   .          Harm     .   (no cloak)
rCorr   .          Rampage  .   (no gloves)
Will    ++...                   (no boots)
Stlth   +.........              (no amulet)
HPRegen 1.10/turn               (no ring)
MPRegen 0.08/turn               (no ring)

@: lethally poisoned (0 -> 0), strong-willed, regenerating, hasted, very quick
A: horns 2, retaliatory headbutt
a: Renounce Religion, Berserk, Trog's Hand


You were on level 2 of the Dungeon.
You worshipped Trog.
Trog was pleased with you.
You visited 1 branch of the dungeon, and saw 2 of its levels.

You collected 101 gold pieces.


Innate Abilities, Weirdness & Mutations

You have a pair of horns on your head.
You reflexively headbutt those who attack you in melee.


   Skills:
 - Level 3.6 Fighting
 + Level 5.7 Axes
 - Level 2.4 Armour
 - Level 2.1 Dodging


You had 2 spell levels left.
You didn't know any spells.
Your spell library was empty.

Inventory:

Hand Weapons
 a - a +0 hand axe (weapon)
Missiles
 f - 4 javelins (quivered)
Armour
 b - a +0 animal skin (worn)
Scrolls
 c - a scroll of fear {unknown}
 d - a scroll of amnesia {unknown}
 g - 4 scrolls of identify {unknown}
 h - a scroll of enchant weapon {unknown}
 j - a scroll of teleportation {unknown}
Potions
 e - a potion of haste {@q3}
 i - a potion of invisibility {unknown}

Dungeon Overview and Level Annotations

Branches:
Dungeon (2/15)

Altars:
Nemelex Xobeh

~P~~..~P~~♣~▒.▒ ▒▒▒▒.▒▒▒▒
~~~~...~~P~~♣.▒ ▒.▒
~P~....~~P~~♣▒▒ ▒▒▒.▒▒▒▒▒
~P~...~~~~~~♣▒▒▒▒▒▒.......▒
♣~~...~~P≈~♣♣..........▒▒.▒▒
~~...~~~≈≈~~♣...▒▒▒..▒.▒....
P~....~~≈≈≈~~.>.▒ ▒..▒......
♣~~...~~≈~g♣>..▒▒ ▒..▒▒▒.:..
♣~~..~~≈≈~SH...▒ ▒..▒▒▒▒.▒▒
▒~...~~~~~♣▒▒▒▒▒ ▒.......▒
▒▒...~~~~~♣ ▒▒.▒▒▒▒▒▒
▒...♣~P~♣♣ ▒...▒ ▒▒▒
.....~~~~♣ ▒▒▒.▒ ▒..
....▒♣PP~P ▒.▒ ▒.▒ ▒▒.
▒♣~~▒▒ ▒.▒ ▒.▒ ▒ ▒~▒▒
▒▒.▒▒▒▒.▒▒▒.▒ ▒▒▒
............▒


You could see an adder and a hobgoblin.


Message History

You feel sick. The adder barely misses you.
Unknown command.
You closely miss the adder.
The adder is severely wounded.
You hit the plant.
You feel sick. The adder bites you but does no damage. The adder bites you.
* * * LOW HITPOINT WARNING * * *
You are lethally poisoned!
The adder poisons you!
You closely miss the adder.
The adder is severely wounded.
You hit the plant.
* * * LOW HITPOINT WARNING * * *
You feel sick.
A nearby plant withers and dies.
The adder bites you.
* * * LOW HITPOINT WARNING * * *
Unknown command.
It was a potion of haste.
You feel yourself speed up.
* * * LOW HITPOINT WARNING * * *
You feel sick. The adder bites you but does no damage.
Use which ability? (? or * to list)
Your skin crawls.
You feel strong-willed.
You die...

Action                   || total
-------------------------++-------
Melee: Hand axe          ||    65
       Headbutt          ||    11
Invok: Trog's Hand       ||     1
  Use: Potion            ||     1
Armor: Animal skin       ||    16
Dodge: Dodged            ||    44

Levels and vault maps discovered:
D:1:      tarquinn_simple_flora_water_c, layout_basic, serial_curves,
          eino_curves_02, eino_curves_03
D:2:      layout_loops_cross, basic_altar,
          shapermc_ecumenical_altar_mp_urbaneastern, serial_bayou_ford_a

Notes
Turn   | Place    | Note
-------+----------+-------------------------------------------
     0 | D:1      | sanka the Minotaur Berserker began the quest for the Orb.
     0 | D:1      | Reached XP level 1. HP: 19/19 MP: 0/0
   168 | D:1      | Reached skill level 4 in Axes
   353 | D:1      | Reached XP level 2. HP: 16/26 MP: 1/1
   702 | D:1      | Reached skill level 5 in Axes
  1308 | D:2      | Reached XP level 3. HP: 31/31 MP: 2/2
  1614 | D:2      | Found a faded altar of an unknown god.
  1616 | D:2      | Reached ** piety under Trog
  1777 | D:2      | Found a sparkling altar of Nemelex Xobeh.
  1912 | D:2      | HP: 3/31 [adder (2)]
  1913 | D:2      | HP: 1/31 [poisoned by an adder]
  1914 | D:2      | Succumbed to an adder's poison

Vanquished Creatures
  2 adders (D:2)
  A dart slug (D:1)
  A ball python (D:2)
  A bat (D:1)
  3 endoplasms (D:1)
  A goblin (D:2)
  8 hobgoblins
  4 jackals (D:1)
  2 quokkas
  2 frilled lizards
  3 kobolds (D:2)
  3 rats
31 creatures vanquished.

Vanquished Creatures (others)
  6 fungi (D:2)
  9 plants (D:2)
15 creatures vanquished.

Grand Total: 46 creatures vanquished
